 Dungeon Crawl Stone Soup version 0.19.5 (webtiles) character file.

129 greprep the Conjurer (level 4, 0/25 HPs)
             Began as a Deep Elf Conjurer on May 2, 2017.
             Was an Initiate of Ashenzari.
             Slain by a bullfrog (4 damage)
             ... on level 3 of the Dungeon.
             The game lasted 00:18:30 (2893 turns).

greprep the Conjurer (Deep Elf Conjurer)            Turns: 2893, Time: 00:18:30

Health: 0/25       AC:  3    Str:  5    XL:     4   Next: 88%
Magic:  0/10       EV: 13    Int: 21    God:    Ashenzari [......]
Gold:   72         SH:  0    Dex: 15    Spells: 3 memorised, 1 level left

rFire  . . .     SeeInvis .     f - +0 hunting sling
rCold  . . .     Gourm    .     a - +0 robe
rNeg   . . .     Faith    .     (no shield)
rPois  .         Spirit   .     i - +0 helmet (curse)
rElec  .         Reflect  .     (no cloak)
rCorr  .         Harm     .     (no gloves)
MR     .....                    (no boots)
Stlth  ++........               (no amulet)
                                x - ring of flight
                                n - ring of wizardry (curse)

@: no status effects
A: no striking features
a: Curse Item, Renounce Religion, Evoke Flight


You were on level 3 of the Dungeon.
You worshipped Ashenzari.
Ashenzari was noncommittal.
You were not hungry.

You visited 1 branch of the dungeon, and saw 4 of its levels.

You collected 72 gold pieces.

Inventory:

Hand Weapons
 d - a +1 vampiric dagger
 f - a +0 hunting sling (weapon)
 r - a +0 dagger of holy wrath
 s - a +3 dagger of protection
Armour
 a - a +0 robe (worn)
 i - a cursed +0 helmet (worn)
Jewellery
 n - a cursed ring of wizardry (left hand)
 x - a ring of flight (right hand)
Wands
 g - a wand of digging (16/24)
Scrolls
 j - a scroll of fear
 l - a scroll of amnesia {unknown}
 m - a scroll of enchant weapon {unknown}
 u - 2 scrolls of noise {unknown}
Potions
 c - a potion of brilliance
 p - a potion of agility {unknown}
 q - a potion of curing
 w - a potion of mutation
Books
 b - a book of Conjurations

   Spells                             Type                      Level
   a - Magic Dart                     Conjuration                  1
   b - Searing Ray                    Conjuration                  2
   c - Dazzling Spray                 Conjuration/Hexes            3
   d - Fulminant Prism                Conjuration/Hexes            4
   e - Iskenderun's Mystic Blast      Conjuration                  4
   f - Iskenderun's Battlesphere      Conjuration/Charms           5
Comestibles
 h - 2 beef jerkies
 o - a bread ration
 v - a meat ration


   Skills:
 * Level 1.1 Fighting
 * Level 2.6 Slings
 + Level 2.4 Dodging
 + Level 2.8 Stealth
 + Level 3.0 Spellcasting
 + Level 5.1 Conjurations


You had one spell level left.
You knew the following spells:

 Your Spells              Type           Power        Failure   Level  Hunger
a - Magic Dart            Conj           ###.         1%          1    None
b - Dazzling Spray        Conj/Hex       ##....       7%          3    ###....
c - Iskenderun's Mystic   Conj           ###.....     9%          4    ####...


Dungeon Overview and Level Annotations

Branches:
Dungeon (4/15)
 Temple: D:4-7

Altars:
Ashenzari
Hepliaklqana
Qazlal

Annotations:
D:3 Sigmund


Message History

Press: ? - help, Shift-Dir - straight line, f/p - bullfrog
Aim: a bullfrog (heavily wounded)
The magic dart hits the bullfrog.
The bullfrog is severely wounded.
The bullfrog hits you. x2
Firing (i - inventory):
e - 2 sling bullets (quivered)
Press: ? - help, Shift-Dir - straight line, f/p - bullfrog
Aim: a bullfrog (severely wounded)
You shoot a sling bullet.
The sling bullet barely misses the bullfrog.
The bullfrog misses you.
Firing (i - inventory):
e - a sling bullet (quivered)
Press: ? - help, Shift-Dir - straight line, f/p - bullfrog
Aim: a bullfrog (severely wounded)
You shoot a sling bullet.
The sling bullet closely misses the bullfrog.
The bullfrog hits you.
* * * LOW HITPOINT WARNING * * *
The bullfrog hits you.
You die...

.###### #.......###.##..# .#
###...#.....##..# .#
#...###.####..# .# ####.###
#.()....# .### #....# ######..#
...## #.#### ####... ....####
#.# #.....# ..#....# #.# ###
##.##.## ....##.# #@##...#
#...#.# .#.###.#
#.F(...####...#.# ...# #.#
####((.##.......## ...###.#
..(........). ....##)#
###.......##
.....#.###################...###
.........................#...#
.....#.#################.##.##
#....#.# #^##.#


You could see a bullfrog.

Vanquished Creatures
  5 adders (D:3)
  An ooze (D:1)
  A worm (D:2)
  2 dart slugs (D:1)
  A leopard gecko (D:3)
  2 orcs (D:3)
  A giant cockroach (D:1)
  7 hobgoblins
  8 jackals
  9 kobolds
  2 quokkas
  4 bats
  2 frilled lizards
  13 goblins
  9 rats
67 creatures vanquished.

Notes
Turn   | Place    | Note
-------+----------+-------------------------------------------
     0 | D:1      | greprep the Deep Elf Conjurer began the quest for the Orb.
     0 | D:1      | Reached XP level 1. HP: 10/10 MP: 6/6
   257 | D:1      | Reached XP level 2. HP: 15/15 MP: 6/8
   438 | D:1      | Reached skill level 5 in Conjurations
   568 | D:1      | Reached XP level 3. HP: 19/19 MP: 6/9
   708 | D:1      | Reached skill level 1 in Slings
  1171 | D:2      | Found a faded altar of an unknown god.
  1210 | D:2      | Found a shattered altar of Ashenzari.
  1269 | D:2      | Became a worshipper of Ashenzari the Shackled
  1379 | D:2      | Found a stormy altar of Qazlal.
  1669 | D:3      | Learned a level 3 spell: Dazzling Spray
  1789 | D:3      | Reached XP level 4. HP: 24/24 MP: 3/10
  2010 | D:3      | Found a hazy altar of Hepliaklqana.
  2068 | D:3      | Reached skill level 1 in Fighting
  2572 | D:3      | Noticed Sigmund
  2846 | D:4      | Learned a level 4 spell: Iskenderun's Mystic Blast
  2884 | D:3      | Noticed a bullfrog
  2893 | D:3      | Slain by a bullfrog

Skill      XL: |  1  2  3  4 |
---------------+-------------+-----
Conjurations   | 5 |  5.1
Slings         | 1 2 |  2.6
Fighting       | 1 |  1.1
Dodging        | |  2.4
Stealth        | |  2.8
Spellcasting   | |  3.0

Action                   |  1- 3 |  4- 6 || total
-------------------------+-------+-------++-------
 Fire: Hunting sling     |    96 |    70 ||   166
 Cast: Magic Dart        |    41 |    26 ||    67
       Dazzling Spray    |       |     3 ||     3
       Iskenderun's Myst |       |     1 ||     1
Invok: Curse Item        |       |     1 ||     1
  Use: Scroll            |     2 |     5 ||     7
       Potion            |       |     1 ||     1
  Eat: Bread ration      |     2 |       ||     2
Armor: Robe              |     7 |     3 ||    10
       Skin              |       |     4 ||     4
Dodge: Dodged            |    16 |    36 ||    52
